 Dungeon Crawl Stone Soup version 0.18.1-5-g4a78601 (webtiles) character file.

483 GreamJoe the Sneak (level 6, -1/46 HPs)
             Began as a Demonspawn Assassin on May 9, 2016.
             Slain by a gnoll
             ... wielding a +0 spear
              (3 damage)
             ... on level 4 of the Dungeon.
             The game lasted 00:13:33 (2863 turns).

GreamJoe the Sneak (Demonspawn Assassin)            Turns: 2863, Time: 00:13:34

Health: -1/46      AC:  8    Str: 12    XL:     6   Next: 88%
Magic:  6/6        EV: 10    Int: 16    God:
Gold:   117        SH:  3    Dex: 16    Spells: 0 memorised, 5 levels left

rFire  + . .     SeeInvis .     k - +0 spear (freeze)
rCold  x . .     Gourm    .     r - +0 scale mail
rNeg   . . .     Faith    .     (no shield)
rPois  .         Spirit   .     m - +0 helmet
rElec  .         Dismiss  .     d - +0 cloak
rCorr  .         Reflect  +     (no gloves)
SustAt .         Harm     .     (no boots)
MR     .....                    h - +3 amulet of reflection
Stlth  ++........               q - ring of fire
                                o - +4 ring of intelligence

@: lethally poisoned (-1 -> -2), not resistant to hostile enchantments,
unstealthy
A: hooves 1, spiny 1
a: no special abilities


You were on level 4 of the Dungeon.
You were very full.

You visited 1 branch of the dungeon, and saw 4 of its levels.

You collected 117 gold pieces.

Inventory:

Hand Weapons
 a - a +2 dagger
 b - a +0 blowgun
 j - a +0 arbalest
 k - a +0 spear of freezing (weapon)
 y - a +0 dagger
Missiles
 e - 8 poisoned needles
 f - 2 curare-tipped needles
 i - 56 arrows
 w - 16 bolts
Armour
 c - a +0 robe
 d - a +0 cloak (worn)
 m - a +0 helmet (worn)
 r - a +0 scale mail (worn)
 v - a +0 robe
Jewellery
 h - a +3 amulet of reflection (around neck)
 o - a +4 ring of intelligence (left hand)
 q - a ring of fire (right hand)
Scrolls
 l - a scroll of remove curse
 n - a scroll of recharging {unknown}
 p - a scroll of blinking {unknown}
 s - 3 scrolls of identify {unknown}
 u - a scroll of magic mapping {unknown}
Comestibles
 g - a beef jerky
 t - a slice of pizza
 z - a meat ration


   Skills:
 + Level 2.8 Fighting
 + Level 3.0 Short Blades
 + Level 2.0 Throwing
 + Level 0.5 Armour
 + Level 3.0 Dodging
 + Level 6.4 Stealth


You had 5 spell levels left.
You didn't know any spells.

Dungeon Overview and Level Annotations

Branches:
Dungeon (4/15)
 Temple: D:4-7

Altars:
Ashenzari
Cheibriados
Gozag
Kikubaaqudgha
Vehumet

Shops:
D:4 [(*


Innate Abilities, Weirdness & Mutations

You have large cloven feet.
You are partially covered in sharp spines.


Message History

You feel sick. You block the gnoll's attack. The gnoll barely misses you.
You feel sick.
The gnoll hits you but does no damage. x2
The gnoll hits you but does no damage. x2
You feel sick. The gnoll barely misses you.
The gnoll hits you but does no damage. The gnoll closely misses you.
You feel sick.
You feel sick.
There is a fountain of clear blue water here.
The gnoll hits you but does no damage.
The gnoll hits you from afar with a spear!
* * * LOW HITPOINT WARNING * * *
* * * LOW HITPOINT WARNING * * *
You feel sick.
* * * LOW HITPOINT WARNING * * *
You feel sick. The gnoll closely misses you.
The gnoll hits you but does no damage.
The gnoll hits you from afar with a spear.
You die...

...... ##########
..<.........#..>.#
..........#......#
.......#......#
......#...<..#
.....#####'###
#######..........#
#...8.8.8........#
'....⌠.⌠.......@.#
#...8.∩.8....g...#
##...⌠.⌠....gg...#
#####8.8.8#########
..........#
..........#
..........#
..........#
.##......##########


You could see 3 gnolls.

Vanquished Creatures
  A giant frog (D:4)
  A howler monkey (D:4)
  An orc priest (D:4)
  A hound (D:4)
  4 orc wizards (D:4)
  An iguana (D:4)
  A giant frog skeleton (D:4)
  2 gnolls
  4 adders
  An ooze (D:2)
  An adder skeleton (D:4)
  2 worms
  A giant gecko (D:4)
  11 orcs
  4 giant cockroaches
  6 goblins
  8 hobgoblins
  2 jackals (D:3)
  A ball python (D:3)
  6 bats
  3 giant newts
  6 kobolds
  35 rats
  2 plants (D:4)
105 creatures vanquished.

Notes
Turn   | Place    | Note
--------------------------------------------------------------
     0 | D:1      | GreamJoe the Demonspawn Assassin began the quest for the Orb.
     0 | D:1      | Reached XP level 1. HP: 16/16 MP: 1/1
    75 | D:1      | Reached skill level 4 in Stealth
    83 | D:1      | Gained mutation: You are partially covered in sharp spines. [demonic ancestry]
    83 | D:1      | Reached XP level 2. HP: 2/22 MP: 2/2
   632 | D:1      | Reached skill level 1 in Dodging
   730 | D:2      | Found a shattered altar of Ashenzari.
   752 | D:2      | Reached XP level 3. HP: 27/27 MP: 3/3
   826 | D:2      | Found a radiant altar of Vehumet.
   979 | D:2      | Found an ancient bone altar of Kikubaaqudgha.
  1084 | D:2      | Found a snail-covered altar of Cheibriados.
  1196 | D:3      | Reached XP level 4. HP: 33/33 MP: 4/4
  1233 | D:3      | Found an opulent altar of Gozag.
  1378 | D:3      | Reached skill level 5 in Stealth
  1815 | D:4      | Found Qus Utwo's General Store.
  1916 | D:4      | Found Emeos's Antique Weapon Emporium.
  1958 | D:4      | Gained mutation: You have large cloven feet. [demonic ancestry]
  1958 | D:4      | Reached XP level 5. HP: 25/38 MP: 5/5
  2223 | D:4      | Reached XP level 6. HP: 40/45 MP: 6/6
  2398 | D:4      | Reached skill level 6 in Stealth
  2414 | D:4      | Found Hahuem's Antique Armour Shoppe.
  2855 | D:4      | HP: 2/46 [gnoll/spear (7)]
  2860 | D:4      | HP: 1/46 [poisoned by an orc]
  2863 | D:4      | Slain by a gnoll

Skill      XL: |  1  2  3  4  5  6 |
---------------+-------------------+-----
Stealth        | 4 5 6 |  6.4
Dodging        | 1 2 3 |  3.0
Short Blades   | 2 3 |  3.0
Throwing       | 2 |  2.0
Fighting       | |  2.8
Armour         | |  0.5

Action                   |  1- 3 |  4- 6 || total
-------------------------+-------+-------++-------
Melee: Dagger            |    54 |   219 ||   273
       Kick              |       |    77 ||    77
       Spear             |       |     8 ||     8
  Use: Scroll            |     3 |       ||     3
       Potion            |     1 |     2 ||     3
 Stab: Sleeping          |     9 |     9 ||    18
  Eat: Bread ration      |     1 |     2 ||     3
Armor: Robe              |    11 |     7 ||    18
       Scale mail        |       |    28 ||    28
Dodge: Dodged            |    21 |    62 ||    83
Block: Other             |     8 |    16 ||    24
       Reflection        |     1 |       ||     1
